Cogmind - Beta 13 @@@ ROGUE MODE // 2024.04.20 @ 21:14:09 Player: Fractal Result: Destroyed by Lightning with EMDS Performance ------------- Evolutions (4) 2000 Regions Visited (10) 2000 Robots Destroyed (104) 520 Value Destroyed (3325) 3325 Prototype IDs (14) 280 Alien Tech Used (0) 0 Bonus (3246) 3246 TOTAL SCORE: 11371 Bonus ------- High Alert Combat Kills 248 Follower Combat Kills 2637 Network Hubs Disabled 400 Built Enhanced Grunts 300 A7 Reached Mainframe 300 Met R17 at Cetus 500 Friendly Fire -1139 Cogmind --------- Core Integrity 0/850 Matter 211/300 Energy 25/100 System Corruption 20% Temperature Warm (186) Movement Core (200) Ox3 Location -6/Hub_04(d) Parts ------- > --- POWER (1) -------- (None) > --- PROPULSION (4) --- (None) > --- UTILITY (7) ------ Scrap Engine Improved Heat Sink System Restoration Module > --- WEAPON (3) ------- Thermal Neutron Construct/C Powered Hammer > --- INVENTORY (5) ---- Improved Sensor Array Hacking Suite Hacking Suite Remote Datajack Phasing Sabre Peak State ------------ > --- POWER ------------ Angular-Quantum Engine > --- PROPULSION ------- Flying Surge-Carbon Exoskeleton > --- UTILITY ---------- Armored Scrap Engine Large Storage Unit Improved Signal Interpreter Hacking Suite Hacking Suite System Shield > --- WEAPON ----------- Advanced Variable Charge Gun Autogun Thermal Neutron Construct/C > --- INVENTORY -------- Improved Heat Sink Medium Storage Unit Improved Matter Compressor Improved Sensor Array Advanced Signal Interpreter Advanced Terrain Scanner Advanced Terrain Scan Processor Hacking Suite Rocket Launcher Mini Grenade Launcher Remote Datajack Flail Powered Hammer Phasing Sabre [Rating: 80] Favorites ----------- Power Constructs Engine Constructs Propulsion Aluminum Leg Treads Light Treads Leg Aluminum Leg Flight Unit Constructs Utility Armored Scrap Engine Device Armored Scrap Engine Storage Medium Storage Unit Processor Improved Targeting Computer Hackware Hacking Suite Protection Hardened Light Armor Plating Weapon Constructs Energy Gun Constructs Energy Cannon Constructs Ballistic Gun Improved Assault Rifle Launcher Rocket Launcher Special Weapon Remote Datajack Impact Weapon Flail Slashing Weapon Phasing Sabre Build | -11 -10 -9 -9 -9 -7 -6 -6 -6 -6 -6 ------- Run | Yrd Mat Mat Sto Rec Fac Fac Ext Cet Arc Hub Slots Evolved 8 | . . 2 . . 4 2 . . . . Power . | . . . . . . . . . . . Propulsion 2 | . . 1 . . 1 . . . . . Utility 5 | . . 1 . . 2 2 . . . . Weapon 1 | . . . . . 1 . . . . . Parts Attached 99 | . 10 10 26 2 8 13 20 1 1 8 Power 7 | . 1 . 4 . 2 . . . . . Engine 7 | . 1 . 4 . 2 . . . . . Core . | . . . . . . . . . . . Reactor . | . . . . . . . . . . . Propulsion 17 | . 5 3 8 1 . . . . . . Treads 2 | . . . 2 . . . . . . . Leg 14 | . 5 2 6 1 . . . . . . Wheel . | . . . . . . . . . . . Hover . | . . . . . . . . . . . Flight 1 | . . 1 . . . . . . . . Utility 37 | . 2 2 8 1 4 11 5 . . 4 Device 22 | . 1 . 8 1 1 7 1 . . 3 Storage 5 | . 1 . . . . 2 1 . . 1 Processor 3 | . . . . . 1 1 1 . . . Hackware 4 | . . . . . 1 1 2 . . . Protection 3 | . . 2 . . 1 . . . . . Artifact . | . . . . . . . . . . . Weapon 38 | . 2 5 6 . 2 2 15 1 1 4 Energy Gun 6 | . 1 2 1 . 1 . . 1 . . Energy Cannon . | . . . . . . . . . . . Ballistic Gun 12 | . 1 2 3 . . 1 3 . 1 1 Ballistic Cannon . | . . . . . . . . . . . Launcher 4 | . . . 1 . . . 1 . . 2 Special Weapon 5 | . . . . . . . 5 . . . Impact Weapon 7 | . . 1 1 . 1 1 2 . . 1 Slashing Weapon 4 | . . . . . . . 4 . . . Piercing Weapon . | . . . . . . . . . . . Special Melee Weapon . | . . . . . . . . . . . Unidentified Prototypes 7 | . . 1 4 . . . 1 1 . . Parts Lost 37 | . 1 3 . 1 6 8 1 . 1 16 Power 3 | . 1 . . . . 1 . . . 1 Propulsion 10 | . . 2 . 1 1 1 . . . 5 Utility 9 | . . . . . 2 2 1 . . 4 Weapon 15 | . . 1 . . 3 4 . . 1 6 Highest Loss Streak 16 | . 1 3 . 1 3 3 1 . 1 16 To Critical Strikes 1 | . . . . . . . . . . 1 Average Slot Usage (%) 79 | . 98 95 97 85 75 69 72 73 72 69 Engine 7 | . 13 11 11 11 7 5 5 . . . Leg 12 | . 27 29 27 28 11 . . 3 . . Hover 2 | . . . . . 2 3 3 2 6 4 Flight 1 | . . . . . 4 1 2 . . . Device 10 | . 13 11 14 13 7 12 6 6 6 8 Storage 8 | . 14 11 11 11 7 6 6 6 6 10 Processor 3 | . . . . . 4 6 6 6 6 . Hackware 8 | . . . . . 6 12 18 20 20 18 Protection 1 | . . 10 7 . . . . . . . Energy Gun 5 | . 25 10 6 . 5 1 . 8 6 5 Energy Cannon 1 | . . . . . 2 2 6 1 . . Ballistic Gun 9 | . 2 10 12 22 11 4 5 8 12 11 Impact Weapon 1 | . . . 2 . 1 5 1 . . . Naked Turns . | . . . . . . . . . . . Heaviest Build 62 | 12 20 27 31 31 31 50 49 48 52 62 Greatest Support 96 | 20 20 33 33 33 40 47 88 96 96 96 Greatest Overweight (x) 9 | . 1 1 2 1 3 1 1 . . 9 Average Overweight (x) . | . . . . . . . . . . . Largest Inventory Capacity 15 | 8 10 10 10 10 10 15 15 15 15 15 Average Capacity 11 | 8 8 10 10 10 10 11 15 15 15 14 Most Carried 15 | 6 10 10 10 10 10 14 15 14 14 15 Average Carried 10 | 6 7 9 9 9 9 10 14 14 14 14 Final Capacity 15 | 8 10 10 10 10 10 15 15 15 15 5 Final Carried 14 | 6 10 8 10 9 10 13 14 14 14 5 Scrap Engine Consumption 282 | . . . . 20 75 75 68 23 7 14 Constructs Created 12 | . . . . . 4 6 . . . 2 Constructs Modified 69 | . . . . . 15 22 11 14 4 3 Class Distribution -------------------- 30% | Hacker-Construct 27% | Mutant 11% | Commander-Construct 10% | Construct 9% | Gunner 8% | Scavenger-Mutant Dominant Class ---------------- Mutant | -10/Materials Scavenger-Mutant | -9/Materials Mutant | -9/Storage Mutant | -9/Recycling Gunner | -7/Factory Hacker-Construct | -6/Factory Hacker-Construct | -6/Extension Commander-Construct | -6/Cetus Commander-Construct | -6/Archives Commander-Construct | -6/Hub_04(d) Resources | -11 -10 -9 -9 -9 -7 -6 -6 -6 -6 -6 ----------- Run | Yrd Mat Mat Sto Rec Fac Fac Ext Cet Arc Hub Matter Collected 2417 | 200 80 186 301 87 187 538 706 83 21 28 Remotely . | . . . . . . . . . . . Salvage Created 4791 | . 404 520 333 262 558 1245 741 62 . 666 Parts 194 | . 28 20 11 12 33 48 23 3 . 16 Haulers Intercepted 3 | . 1 . 1 . . . . . . 1 Recyclers Shooed 7 | . 2 . 2 . . . 3 . . . Parts Field Recycled . | . . . . . . . . . . . Retrieved Matter . | . . . . . . . . . . . Parts Self-Destructed . | . . . . . . . . . . . Prevented . | . . . . . . . . . . . Kills | -11 -10 -9 -9 -9 -7 -6 -6 -6 -6 -6 ------- Run | Yrd Mat Mat Sto Rec Fac Fac Ext Cet Arc Hub Combat Hostiles Destroyed 67 | . 9 9 3 3 7 22 8 1 . 5 Guns 38 | . 9 6 3 3 2 13 1 . . 1 Cannons 17 | . . . . . 5 6 5 1 . . AOE 5 | . . . . . . 1 . . . 4 Classes Destroyed 14 | . 5 2 1 . 2 1 3 . . . Worker 4 | . 1 . . . . . . . . 3 Builder 5 | . . . . . . . 2 . . 3 Tunneler 2 | . . . . . . . 1 . . 1 Hauler 3 | . 1 . 1 . . . . . . 1 Recycler 9 | . 2 1 2 1 1 1 . . . 1 Operator 2 | . . . 1 . 1 . . . . . Watcher 6 | . . 1 . . 1 3 1 . . . Swarmer 19 | . 6 2 2 . . 5 1 . . 3 Grunt 19 | . 3 . . . 1 12 3 . . . Brawler 2 | . . . . . 1 . 1 . . . Duelist 1 | . . . . . . 1 . . . . Sentry 20 | . . 7 1 3 3 1 3 . . 2 Programmer 5 | . . . . . 2 3 . . . . Cetus Guard 1 | . . . . . . . . 1 . . Thug 1 | . . . . . . . . . . 1 Savage 3 | . . . . . . . 2 . . 1 Butcher 1 | . . . . . . . 1 . . . Guerrilla 1 | . . . . . . . 1 . . . Best Kill Streak 11 | . 7 3 2 3 2 5 4 1 . 11 Combat Bots Only 5 | . 5 2 2 2 1 4 4 1 . 3 Max Kills in Single Turn 12 | . 1 1 1 1 2 2 2 1 . 12 Gunslinging 1 | . . . . . . 1 . . . . Exploded 2 | . . . . . . 1 . . . 2 Melee . | . . . . . . . . . . . Uniques/NPCs Destroyed . | . . . . . . . . . . . Combat | -11 -10 -9 -9 -9 -7 -6 -6 -6 -6 -6 -------- Run | Yrd Mat Mat Sto Rec Fac Fac Ext Cet Arc Hub Hostile Shots Fired 850 | . 69 75 17 24 162 245 94 22 11 131 Missed 276 | . 17 22 5 6 44 85 37 10 4 46 Damage Taken 9186 | . 435 749 234 271 1523 2329 573 219 165 2688 Core 1397 | . 123 170 . 32 195 394 30 26 23 404 Absorbed by Shields 487 | . . . . . . 50 298 139 . . Regen/Repaired (Parts) 1894 | . . . . . 355 983 294 173 49 40 Core Remaining (%) 67 | 100 50 . . 49 72 . . . . . Volleys Fired 296 | . 45 29 17 14 33 68 60 12 4 14 Largest 3 | . 2 2 2 2 3 3 3 3 3 3 Hottest 244 | . 100 79 78 46 244 120 144 143 222 171 Shots Fired 600 | . 90 53 28 28 72 138 115 28 12 36 Gun 446 | . 90 53 27 28 60 94 35 19 12 28 Cannon 118 | . . . . . 12 44 52 9 . 1 Launcher 15 | . . . 1 . . . 7 . . 7 Special 21 | . . . . . . . 21 . . . Kinetic 228 | . . 29 12 28 30 71 16 19 4 19 Thermal 220 | . 90 24 . . 12 34 38 4 8 10 Explosive 15 | . . . 1 . . . 7 . . 7 Electromagnetic 116 | . . . 15 . 30 33 33 5 . . Robot Hit Streak 20 | . 6 16 5 12 20 20 16 11 13 6 Robot Miss Streak 9 | . 4 3 4 1 3 7 8 3 4 9 Penetration Max 1 | . . . . . . 1 . . . . Secondary Targets 6 | . 2 . . . . 4 . . . . Max Gunslinging Chain 1 | . 1 . . . . 1 . . . . Shots Hit Robots 432 | . 48 49 18 24 54 106 92 23 6 12 Core Hits 302 | . 19 15 11 7 20 95 80 19 2 34 Critical Kills 2 | . . . . . . 2 . . . . Critical Parts Destroyed 2 | . . 1 . . . 1 . . . . Critical Strikes 19 | . 9 4 . . 1 4 1 . . . Burn 12 | . 9 3 . . . . . . . . Destroy 3 | . . . . . . 3 . . . . Corrupt 1 | . . . . . 1 . . . . . Smash 2 | . . 1 . . . 1 . . . . Sever 1 | . . . . . . . 1 . . . Melee Attacks 51 | . . 14 2 . 2 12 21 . . . Impact 36 | . . 14 2 . 2 12 6 . . . Slashing 15 | . . . . . . . 15 . . . Piercing . | . . . . . . . . . . . Sneak Attacks 3 | . . . . . . 1 2 . . . Combat Hostiles 1 | . . . . . . . 1 . . . Follow-up Attacks . | . . . . . . . . . . . Damage Inflicted 11686 | . 636 762 398 383 1011 2946 2526 555 124 2345 Guns 5081 | . 636 598 286 368 686 1397 345 285 124 356 Cannons 3127 | . . . . . 264 1146 1447 270 . . Explosions 2900 | . . . 109 . 52 255 515 . . 1969 Melee 531 | . . 164 . . . 148 219 . . . Ramming 47 | . . . 3 15 9 . . . . 20 Kinetic 3207 | . . 365 87 368 475 1264 131 285 46 186 Thermal 2578 | . 636 233 72 . 236 646 445 62 78 170 Explosive 1000 | . . . 37 . . . 515 . . 448 Electromagnetic 4323 | . . . 199 . 291 888 1216 208 . 1521 Impact 312 | . . 164 . . . 148 . . . . Slashing 219 | . . . . . . . 219 . . . Piercing . | . . . . . . . . . . . Highest Corruption 20 | . 2 . . . 1 1 . . 2 20 Average Corruption 1 | . 2 . . . 1 1 . . 2 3 Corruption Purged 6 | . . . . . . 4 . . . 2 Corruption Blocked . | . . . . . . . . . . . Effects 19 | . . . . . 5 6 . . 2 6 Message Errors 5 | . . . . . 1 2 . . 1 1 Matter Fused 3 | . . . . . 2 1 . . . . Heat Flow Errors 4 | . . . . . . 1 . . . 3 Energy Discharges 3 | . . . . . 1 1 . . . 1 Parts Fused 1 | . . . . . . 1 . . . . Data Loss (major) 2 | . . . . . . . . . 1 1 Misfires 1 | . . . . . 1 . . . . . Overload Shots 8 | . . . . . 8 . . . . . Effects 3 | . . . . . 3 . . . . . Energy Bleed 1 | . . . . . 1 . . . . . Heat Surge 1 | . . . . . 1 . . . . . Short Circuit 1 | . . . . . 1 . . . . . Overflow Damage 446 | . . 44 14 . . 175 85 . . 128 Projectiles . | . . . . . . . . . . . Explosions 267 | . . . 14 . . 125 . . . 128 Melee 179 | . . 44 . . . 50 85 . . . Knockbacks 3 | . . 1 . . . 1 . . . 1 Impact 3 | . . 1 . . . 1 . . . 1 Kinetic . | . . . . . . . . . . . Secondary . | . . . . . . . . . . . Self-Inflicted Damage 230 | . . . . . 2 60 53 . . 115 Shots 4 | . . . . . . 1 2 . . 1 Rammed 4 | . . . 1 . 1 . . . 1 1 Targets Rammed 8 | . . . 1 3 2 . . . 1 1 Kicked 4 | . . . . 3 1 . . . . . Crushed . | . . . . . . . . . . . Highest Temperature 499 | . 499 189 57 2 471 387 476 251 254 423 Average Temperature 133 | . 223 74 22 2 100 142 114 108 114 140 Received Heat Transfer 1821 | . 36 324 30 63 300 798 164 22 36 48 Effects 30 | . 9 . . . 4 9 5 . . 3 Shutdowns 9 | . 5 . . . . 3 1 . . . Energy Bleed 6 | . 1 . . . 1 2 2 . . . Interference 11 | . 2 . . . 3 3 . . . 3 Matter Decay 1 | . . . . . . . 1 . . . Short Circuit 2 | . 1 . . . . 1 . . . . Damage (minor) 1 | . . . . . . . 1 . . . Siege Activations . | . . . . . . . . . . . Robots Corrupted 5 | . . . . . . 2 3 . . . Combat Hostiles 4 | . . . . . . 2 2 . . . Parts Fried 28 | . . 2 . . 1 9 4 . . 12 Impact Corruptions 4 | . . 3 . . . 1 . . . . Robots Melted 1 | . . 1 . . . . . . . . Combat Hostiles 1 | . . 1 . . . . . . . . Parts Melted 5 | . 2 3 . . . . . . . . Heat Transferred 6223 | . 2553 888 100 . 174 853 1081 222 185 167 Parts Sabotaged . | . . . . . . . . . . . Parts Stolen . | . . . . . . . . . . . Parts Stripped . | . . . . . . . . . . . Power Chain Reactions 2 | . . . 1 . 1 . . . . . Alert | -11 -10 -9 -9 -9 -7 -6 -6 -6 -6 -6 ------- Run | Yrd Mat Mat Sto Rec Fac Fac Ext Cet Arc Hub Peak Influence 1071 | . 267 249 525 186 315 449 772 764 464 1071 Initial 432 | . . 27 82 186 200 35 184 432 305 162 Average 240 | . 90 147 328 91 101 174 425 672 447 544 Maximum Alert Level 3 | . 1 1 2 . 1 2 3 3 2 3 Low Security (%) 54 | 100 87 73 11 100 76 65 22 . . 17 Level 1 24 | . 12 26 65 . 23 19 31 . 8 22 Level 2 14 | . . . 22 . . 14 23 54 91 30 Level 3 6 | . . . . . . . 22 45 . 29 Level 4 . | . . . . . . . . . . . Level 5 . | . . . . . . . . . . . High Security . | . . . . . . . . . . . Max Security . | . . . . . . . . . . . Squads Dispatched 18 | . 1 1 3 . 3 5 3 . . 2 Investigation 2 | . . . 1 . 1 . . . . . Extermination 4 | . . . . . 2 2 . . . . Reinforcement 10 | . 1 1 2 . . 3 2 . . 1 Assault 2 | . . . . . . . 1 . . 1 Garrison . | . . . . . . . . . . . Intercept . | . . . . . . . . . . . Searches Triggered . | . . . . . . . . . . . Construction Impeded 3 | . . . 1 . . . 2 . . . Haulers Reinforced . | . . . . . . . . . . . Active Scanning Responses . | . . . . . . . . . . . Cargo Convoy Interrupts 1 | . . . . . . 1 . . . . Stealth | -11 -10 -9 -9 -9 -7 -6 -6 -6 -6 -6 --------- Run | Yrd Mat Mat Sto Rec Fac Fac Ext Cet Arc Hub Distress Signals 13 | . . 1 4 . . 1 2 3 . 2 Communications Jammed 18 | . . . . . . 18 . . . . Distress Signals 18 | . . . . . . 18 . . . . Times Spotted 188 | . 15 16 28 3 13 36 39 10 7 21 Peak Tracking Total 9 | . 5 4 4 2 4 5 5 5 2 9 Tactical Retreats 8 | . . 1 . . 2 3 1 . . 1 Traps | -11 -10 -9 -9 -9 -7 -6 -6 -6 -6 -6 ------- Run | Yrd Mat Mat Sto Rec Fac Fac Ext Cet Arc Hub Traps Triggered 8 | . 1 . . . 4 3 . . . . Indirectly . | . . . . . . . . . . . Trap Hack Attempts . | . . . . . . . . . . . Triggered . | . . . . . . . . . . . Disarmed . | . . . . . . . . . . . Reprogrammed . | . . . . . . . . . . . Reused . | . . . . . . . . . . . Traps Extracted . | . . . . . . . . . . . Installed . | . . . . . . . . . . . Triggered . | . . . . . . . . . . . Machines | -11 -10 -9 -9 -9 -7 -6 -6 -6 -6 -6 ---------- Run | Yrd Mat Mat Sto Rec Fac Fac Ext Cet Arc Hub Machines Disabled 24 | . . . 3 . 1 6 6 . . 8 Max in Single Turn 6 | . . . 1 . 1 4 1 . . 6 Garrison Access 1 | . . . . . . . . . . 1 Network Hub 2 | . . . . . . . . . . 2 Machines Repaired . | . . . . . . . . . . . Machines Dismantled . | . . . . . . . . . . . Machines Sabotaged . | . . . . . . . . . . . Overloaded Fab Kills . | . . . . . . . . . . . Hacking | -11 -10 -9 -9 -9 -7 -6 -6 -6 -6 -6 --------- Run | Yrd Mat Mat Sto Rec Fac Fac Ext Cet Arc Hub Machines Accessed 53 | . 1 2 6 10 6 11 10 2 1 4 Terminals 38 | . . 2 5 4 5 6 10 2 . 4 Fabricators 1 | . . . . . . 1 . . . . Repair Stations 1 | . . . . . . 1 . . . . Recycling Units 11 | . 1 . 1 6 1 2 . . . . Scanalyzers 1 | . . . . . . 1 . . . . Garrison Access . | . . . . . . . . . . . Total Hacks 148 | . 1 2 12 25 17 29 24 7 25 6 Successful 93 | . 1 1 6 16 6 17 13 5 25 3 Failed 54 | . . 1 6 8 11 12 11 2 . 3 Catastrophic 12 | . . . 1 1 4 3 1 1 . 1 Database Lockouts 1 | . . . . 1 . . . . . . Manual 52 | . . . 5 9 10 9 14 3 . 2 Terminals 93 | . . 2 9 11 14 20 24 7 . 6 Fabricators 1 | . . . . . . 1 . . . . Repair Stations 2 | . . . . . . 2 . . . . Recycling Units 25 | . 1 . 3 14 3 4 . . . . Scanalyzers 2 | . . . . . . 2 . . . . Garrison Access . | . . . . . . . . . . . Terminal Hacks 73 | . . 1 4 6 6 10 13 5 25 3 Record 43 | . . . . 5 2 3 3 4 25 1 Part Schematic 1 | . . . . . 1 . . . . . Robot Analysis 1 | . . . . . . 1 . . . . Prototype ID Bank 1 | . . . 1 . . . . . . . Open Door 7 | . . . 1 . . . 5 1 . . Open DSF 1 | . . . . . 1 . . . . . Terminal Index 1 | . . . 1 . . . . . . . Alert Level 3 | . . . . 1 . 1 . . . 1 Unreport Threat 5 | . . . . . 2 1 2 . . . Locate Traps 2 | . . . . . . 1 1 . . . Security Status 1 | . . 1 . . . . . . . . Recall Investigation 1 | . . . . . . 1 . . . . Recall Reinforcements 1 | . . . . . . 1 . . . . Hauler Manifests 1 | . . . . . . 1 . . . . Registered Components 1 | . . . 1 . . . . . . . Zone Layout 3 | . . . . . . . 2 . . 1 Fabricator Hacks 1 | . . . . . . 1 . . . . Load Schematic 1 | . . . . . . 1 . . . . Repair Station Hacks 2 | . . . . . . 2 . . . . Scan Component 1 | . . . . . . 1 . . . . Repair 1 | . . . . . . 1 . . . . Recycling Unit Hacks 15 | . 1 . 2 10 . 2 . . . . Report Inventory 9 | . . . 1 6 . 2 . . . . Retrieve Components 6 | . 1 . 1 4 . . . . . . Scanalyzer 2 | . . . . . . 2 . . . . Insert Component 1 | . . . . . . 1 . . . . Analyze 1 | . . . . . . 1 . . . . Garrison Access Hacks . | . . . . . . . . . . . Unauthorized Hacks . | . . . . . . . . . . . Terminals . | . . . . . . . . . . . Fabricators . | . . . . . . . . . . . Repair Stations . | . . . . . . . . . . . Recycling Units . | . . . . . . . . . . . Scanalyzers . | . . . . . . . . . . . Garrison Access . | . . . . . . . . . . . Data Cores Recovered 3 | . . . 1 . . . 1 . . 1 Used 2 | . . . 1 . . . . . . 1 Hacking Detections 30 | . . 2 3 6 2 7 5 2 . 3 Full Trace Events 6 | . . . 2 4 . . . . . . Feedback Events . | . . . . . . . . . . . Feedback Blocked . | . . . . . . . . . . . Robot Schematics Acquired . | . . . . . . . . . . . Robots Built . | . . . . . . . . . . . Authchips . | . . . . . . . . . . . Time . | . . . . . . . . . . . Total Robot Build Rating . | . . . . . . . . . . . Part Schematics Acquired 2 | . . . . . 1 1 . . . . Parts Built . | . . . . . . . . . . . Authchips . | . . . . . . . . . . . Time . | . . . . . . . . . . . Total Part Build Rating . | . . . . . . . . . . . Parts Repaired 1 | . . . . . . 1 . . . . Time 32 | . . . . . . 32 . . . . Parts Recycled . | . . . . . . . . . . . Recycled Matter . | . . . . . . . . . . . Retrieved Matter . | . . . . . . . . . . . Retrieved Components 23 | . 9 . 6 8 . . . . . . Parts Scanalyzed 1 | . . . . . . 1 . . . . Part Schematics Acquired 1 | . . . . . . 1 . . . . Parts Damaged . | . . . . . . . . . . . Bothacking | -11 -10 -9 -9 -9 -7 -6 -6 -6 -6 -6 ------------ Run | Yrd Mat Mat Sto Rec Fac Fac Ext Cet Arc Hub Used RIF Installer . | . . . . . . . . . . . Robots Hacked . | . . . . . . . . . . . Non-combat . | . . . . . . . . . . . Combat . | . . . . . . . . . . . Robot Hacks Applied . | . . . . . . . . . . . Relay Couplers Released 1 | . . . . . . . . . . 1 Machine Destruction 1 | . . . . . . . . . . 1 Fabnet Peak Effective % . | . . . . . . . . . . . Robots Rewired 16 | . . . . . . . 16 . . . Allies Hacked . | . . . . . . . . . . . Hacks Repelled . | . . . . . . . . . . . Allies | -11 -10 -9 -9 -9 -7 -6 -6 -6 -6 -6 -------- Run | Yrd Mat Mat Sto Rec Fac Fac Ext Cet Arc Hub Total Allies 30 | . . . 2 . . . 23 5 . . Largest Group 14 | . . . 2 1 . . 11 14 12 8 Highest-Rated Group 876 | . . . 115 100 . . 446 876 684 443 Highest-Rated Ally 159 | . . . 100 100 . . 159 140 140 96 Total Orders 20 | . . . 7 1 . 7 1 4 . . STAY 1 | . . . . . . . . 1 . . FOLLOW 5 | . . . 1 . . 1 . 3 . . EXPLORE 14 | . . . 6 1 . 6 1 . . . Ally Attacks 272 | . . . 38 . . . 113 47 22 52 Total Damage 9334 | . . . 1511 . . . 3953 1212 628 2030 Kills 82 | . . . 20 . . . 29 11 5 17 Allies Corrupted 5 | . . . 3 . . . 1 . . 1 Allies Melted . | . . . . . . . . . . . Intel | -11 -10 -9 -9 -9 -7 -6 -6 -6 -6 -6 ------- Run | Yrd Mat Mat Sto Rec Fac Fac Ext Cet Arc Hub Robot Analysis Total 1 | . . . . . . 1 . . . . Derelict Logs Recovered . | . . . . . . . . . . . Drone Launches 19 | . . . 10 2 . 6 1 . . . Drone Recoveries 2 | . . . . 1 . 1 . . . . Exploration | -11 -10 -9 -9 -9 -7 -6 -6 -6 -6 -6 ------------- Run | Yrd Mat Mat Sto Rec Fac Fac Ext Cet Arc Hub Turns Passed 9168 | 3 508 593 1169 989 1712 2039 1186 383 172 414 Spaces Moved 6661 | 3 281 291 657 482 1042 1679 1205 411 209 401 Core 5 | . . . . . . . . . . 5 Treads 99 | . . . 67 . . . . 32 . . Legs 2550 | 3 281 291 590 482 515 175 20 193 . . Wheels . | . . . . . . . . . . . Hover 2808 | . . . . . 366 1029 630 186 209 388 Flight 1199 | . . . . . 161 475 555 . . 8 Fastest Speed 52 | 120 120 120 120 120 82 54 52 64 64 73 Average Speed 104 | 120 121 127 150 152 148 91 58 70 65 80 Slowest Speed 500 | 120 190 190 260 190 270 152 98 78 73 500 Overloaded Moves . | . . . . . . . . . . . Propulsion Burnouts . | . . . . . . . . . . . Robots Hopped 2 | . . . . . . . 2 . . . Cave-ins Triggered . | . . . . . . . . . . . Exploration Rate (%) 58 | 2 34 33 95 99 20 42 98 80 97 46 Regions Visited 10 Branch Regions 6 Pre-discovered Areas . | . . . . . . . . . . . Known Exits Taken 3 | . . . . . . . 1 1 1 . Unknown Exits Taken 7 | 1 1 1 1 1 1 1 . . . . Scrap Searched . | . . . . . . . . . . . Spaces Dug 12 | . . 1 1 . 2 8 . . . . Terrain Destroyed 277 | . . 1 7 . 6 39 31 . . 193 Melee 12 | . . 1 1 . 2 8 . . . . Projectile 9 | . . . . . 2 1 . . . 6 AOE 256 | . . . 6 . 2 30 31 . . 187 Terrain Rammed . | . . . . . . . . . . . Walls Destroyed . | . . . . . . . . . . . Machines Disabled . | . . . . . . . . . . . Actions | -11 -10 -9 -9 -9 -7 -6 -6 -6 -6 -6 --------- Run | Yrd Mat Mat Sto Rec Fac Fac Ext Cet Arc Hub Total 8245 | 2 358 442 807 705 1146 2032 1567 483 234 469 Wait 992 | . 12 87 69 201 46 231 234 59 20 33 Move 6647 | 2 280 290 656 481 1041 1678 1200 410 208 401 Hop 2 | . . . . . . . 2 . . . Pick Up 45 | . 4 5 10 . 8 10 6 . . 2 Fast Attach 29 | . 2 2 12 1 3 3 2 1 1 2 Attach 25 | . 2 4 1 1 3 7 3 . . 4 Detach 15 | . 1 . 2 . . 5 4 1 . 2 Swap 45 | . 6 4 13 . 2 3 15 . . 2 Drop 63 | . 6 7 24 2 6 4 6 . . 8 Fire 296 | . 45 29 17 14 33 68 60 12 4 14 Melee 51 | . . 14 2 . 2 12 21 . . . Ram 3 | . . . . . 1 . . . 1 1 Kick 4 | . . . . 3 1 . . . . . Crush 1 | . . . 1 . . . . . . . Escape Stasis 11 | . . . . . . 11 . . . . Rewire 16 | . . . . 2 . . 14 . . . Trap . | . . . . . . . . . . . Miscellaneous . | . . . . . . . . . . . Route ------- -11/Scrapyard -10/Materials (discovered 2 exits: *Mat / [*Min]) -9/Materials (discovered 2 exits: [*Mat] / *Sto) -9/Storage (discovered 2 exits: [*Mat] / *Rec) -9/Recycling -7/Factory -6/Factory (discovered 5 exits: *Fac x2 / [*Low x2] / *Ext) -6/Extension (discovered 3 exits: *Fac x2 / *Cet) -6/Cetus (discovered 2 exits: *Fac / *Arc) -6/Archives (discovered 3 exits: *Fac / *Hub x2) -6/Hub_04(d) (discovered 2 exits: *Fac x2) History --------- Turn | Location | Event 1 | -11/Scrapyard | Discovered new exit (range 3) 4 | -11/Scrapyard | Entered Materials 107 | -10/Materials | Discovered new exit (range 8) 310 | -10/Materials | Build established: Mutant 421 | -10/Materials | Discovered new exit (range 15) 512 | -10/Materials | Entered another Materials area 512 | -9/Materials | Evolved 2 slots: Propulsion x1, Utility x1 819 | -9/Materials | Build established: Scavenger-Mutant 877 | -9/Materials | Discovered new exit (range 8) 987 | -9/Materials | Discovered new exit (range 12) 1060 | -9/Materials | Lost 3 parts (2n1w) 1105 | -9/Materials | Entered Storage 1133 | -9/Storage | Met 01-MTF 1851 | -9/Storage | Build established: Mutant 1929 | -9/Storage | Discovered new exit (range 33) 2218 | -9/Storage | Discovered new exit (range 4) 2274 | -9/Storage | Entered Recycling 2274 | -9/Recycling | Accompanied by 4 allies (01-MTF) 2279 | -9/Recycling | 01-MTF left 2375 | -9/Recycling | Discovered new exit (range 61) 2482 | -9/Recycling | Found Scrap Engine 2774 | -9/Recycling | Core integrity fell below 50% 3263 | -9/Recycling | Entered Factory 3263 | -7/Factory | Evolved 4 slots: Propulsion x1, Utility x2, Weapon x1 3688 | -7/Factory | Discovered new exit (range 16) 3913 | -7/Factory | Build established: Gunner 4571 | -7/Factory | Build established: Construct 4733 | -7/Factory | Lost 3 parts (3w) 4975 | -7/Factory | Entered another Factory area 4975 | -6/Factory | Evolved 2 slots: Utility x2 5326 | -6/Factory | Discovered new exit (range 8) 5360 | -6/Factory | Build established: Hacker-Construct 5401 | -6/Factory | Repaired Rocket Launcher? 5446 | -6/Factory | Discovered new exit (range 12) 5712 | -6/Factory | Discovered new exit (range 26) 5951 | -6/Factory | Lost 3 parts (1n1u1w) 6724 | -6/Factory | Discovered new exit (range 18) 6839 | -6/Factory | Discovered new exit (range 82) 6923 | -6/Factory | Cargo convoy interrupted 7014 | -6/Factory | Entered Extension 7168 | -6/Extension | Spotted B-75 Beast 7224 | -6/Extension | Rescued a captive Derelict 7224 | -6/Extension | Rescued a captive Derelict 7263 | -6/Extension | Rescued A7 7361 | -6/Extension | Rescued a captive Derelict 7362 | -6/Extension | Rescued a captive Derelict 7475 | -6/Extension | Rescued a captive Derelict 7510 | -6/Extension | Spotted B-75 Beast 7517 | -6/Extension | Allies destroyed B-75 Beast 7537 | -6/Extension | Allies destroyed B-75 Beast 7564 | -6/Extension | Disrupted transfer network 7564 | -6/Extension | Lost 7 allies 7630 | -6/Extension | Discovered new exit (range 3) 7714 | -6/Extension | First assault squad dispatched 7744 | -6/Extension | Discovered new exit (range 16) 7745 | -6/Extension | Discovered new exit (range 14) 7792 | -6/Extension | Rescued a captive Derelict 8033 | -6/Extension | Identified exit to Factory 8105 | -6/Extension | Identified exit to Cetus 8200 | -6/Extension | Entered Cetus 8200 | -6/Cetus | Accompanied by 11 allies (A7) 8205 | -6/Cetus | Acquired a Cetus Manufacturing Module code from A7 8208 | -6/Cetus | Spotted Cetus Guard 8211 | -6/Cetus | Spotted Cetus Guard 8213 | -6/Cetus | Spotted Cetus Guard 8214 | -6/Cetus | Allies destroyed Cetus Guard 8217 | -6/Cetus | Spotted Cetus Guard 8220 | -6/Cetus | Allies destroyed Cetus Guard 8222 | -6/Cetus | Allies destroyed Cetus Guard 8222 | -6/Cetus | Destroyed Cetus Guard 8269 | -6/Cetus | Started Cetus Manufacturing Module 8273 | -6/Cetus | Build established: Commander-Construct 8277 | -6/Cetus | Escorted A7 to Cetus Mainframe 8294 | -6/Cetus | Manufactured an Enhanced Grunt 8319 | -6/Cetus | Manufactured an Enhanced Grunt 8344 | -6/Cetus | Manufactured an Enhanced Grunt 8365 | -6/Cetus | Discovered new exit (range 16) 8369 | -6/Cetus | Manufactured an Enhanced Grunt 8374 | -6/Cetus | Identified exit to Archives 8391 | -6/Cetus | Spotted Cetus Guard 8392 | -6/Cetus | Spotted Cetus Guard 8394 | -6/Cetus | Manufactured an Enhanced Grunt 8401 | -6/Cetus | Allies destroyed Cetus Guard 8401 | -6/Cetus | Spotted Cetus Guard 8402 | -6/Cetus | Allies destroyed Cetus Guard 8402 | -6/Cetus | Spotted Cetus Guard 8405 | -6/Cetus | Core integrity fell below 50% 8410 | -6/Cetus | Allies destroyed Cetus Guard 8418 | -6/Cetus | Allies destroyed Cetus Guard 8423 | -6/Cetus | Discovered exit to Factory (range 16) 8427 | -6/Cetus | Met Revision 17 8583 | -6/Cetus | Entered Archives 8583 | -6/Archives | Accompanied by 12 allies (A7) 8589 | -6/Archives | Received a hacking code to weaken MAIN.C 8615 | -6/Archives | Unable to access archive contents 8622 | -6/Archives | Unable to access archive contents 8627 | -6/Archives | Discovered exit to Factory (range 16) 8639 | -6/Archives | Unable to access archive contents 8640 | -6/Archives | Lost 3 allies 8642 | -6/Archives | Discovered new exit (range 15) 8651 | -6/Archives | Unable to access archive contents 8663 | -6/Archives | Identified exit to Hub_04(d) 8680 | -6/Archives | Discovered exit to Hub_04(d) (range 14) 8755 | -6/Archives | Entered Hub_04(d) 8755 | -6/Hub_04(d) | Accompanied by 8 allies 8828 | -6/Hub_04(d) | Discovered exit to Factory (range 15) 9039 | -6/Hub_04(d) | Discovered exit to Factory (range 15) 9062 | -6/Hub_04(d) | Network Hub disabled 9074 | -6/Hub_04(d) | Spotted Lightning 9075 | -6/Hub_04(d) | Spotted Lightning 9086 | -6/Hub_04(d) | Spotted Lightning 9104 | -6/Hub_04(d) | Lost 7 allies 9111 | -6/Hub_04(d) | Network Hub disabled 9114 | -6/Hub_04(d) | System corruption reached 10% 9140 | -6/Hub_04(d) | Core integrity fell below 20% 9169 | -6/Hub_04(d) | Destroyed by Lightning with EMDS Last Messages --------------- 09142_ System Shield destroyed. 09142_ Penetrated by EMDS Slug. 09144_ System Restoration Module purges 1% system corruption (15%). 09144_ Penetrated by EMDS Slug. 09145_ System corrupted: Substantial component data lost. 09148_ Penetrated by EMDS Slug. 09155_ Arm. Scrap Engine destroyed. 09155_ Scrap Engine core remains intact and functional. 09156_ EMDS Slug penetrates Earth. 09158_ Penetrated by EMDS Slug. 09160_ Dropped Lrg. Storage Unit. 09162_ Penetrated by EMDS Slug. 09162_ KE Penetrator destroyed. 09165_ The unstable cave ceiling collapses. 09165_ Penetrated by EMDS Slug. 09168_ System corrupted: Heat flow error (+237). 09168_ Penetrated by EMDS Slug. Map ----- +----------------------------------------------------+ | ????????????????????????????????????????? | | ????????????????????????????????????????? | | ????????????????????????????????????????? | | ????????????????????????????????????????? | | ????????????????????????????????????????? | | ????????????????????????????????????????? | | ????????????????????????????????????????? | | ????????????????????????????????????????? | | ????????????????????????????????????????? | | ????????????????????????????????????????? | | ?????????????? ??????????????????????? | | ???????????? ??????????????????????? | | ???????????? ??????????????????????? | | ???????????? ;;;;#?????????????????????? | | ???????????? ; ?????????????????????? | | ???????????? ; ""????????????????????? | | ???????????? ; ""#???????????????????? | | ????????????? ; ""#????###????????????? | | ???????????#?#; G#??? #?#??????